 Dungeon Crawl Stone Soup version 0.29-a0-393-g47a863cc1b (webtiles) character file.

Game seed: 661082454253971461

89489 Bruhh the Thaumaturge (level 15, -1/124 HPs)
             Began as a Gnoll Ice Elementalist on May 10, 2022.
             Was an Elder of Ashenzari.
             Killed from afar by a purple draconian (24 damage)
             ... with a bolt of dispelling energy
             ... in a wizard's laboratory.
             The game lasted 01:09:37 (26472 turns).

Bruhh the Thaumaturge (Gnoll Ice Elementalist)     Turns: 26472, Time: 01:09:38

Health: -1/124     AC: 11    Str: 13    XL:     15   Next: 97%
Magic:  19/42      EV: 19    Int: 26    God:    Ashenzari [****..]
Gold:   3429       SH:  7    Dex: 15    Spells: 15/43 levels left

rFire   . . .      SeeInvis +   t - +2 long sword (drain)
rCold   . . .      Faith    .   a - +0 buckler "Kiasae" {Str+6}
rNeg    . . .      Spirit   .   X - +0 troll leather armour
rPois   .          Reflect  .   I - +0 hat "Pangnostic Apathy" {Cun, Self} (curse)
rElec   .          Harm     .   S - +0 cloak of Desmomancy {Elem, Evo} (curse)
rCorr   .          Rampage  +   H - +1 pair of gloves "Overhang to Understand" {Self, Elem} (curse)
Will    +....      Clarity  +   y - +0 pair of boots "Behold Eternity" {Elem, Evo} (curse)
Stlth   +++++.....              L - amulet of Ocwin {Rampage Fragile Regen+ SInv}
HPRegen 1.90/turn               P - ring of Cremastomancy {Int+6, Cun, Elem} (curse)
MPRegen 0.28/turn               W - ring "Gnosis of Ashenzari" {MP+9, Melee, Elem} (curse)

@: no status effects
A: fangs 1, strong nose, distributed training
a: Renounce Religion, Curse Item, Shatter the Chains


You were in a wizard's laboratory.
You worshipped Ashenzari.
Ashenzari was greatly pleased with you.
You visited 6 branches of the dungeon, and saw 26 of its levels.
You also visited: Bailey and Wizlab.

You collected 4426 gold pieces.
You spent 997 gold pieces at shops.

Inventory:

Hand Weapons
 t - a +2 long sword of draining (weapon)
 A - a +4 war axe of flaming
Missiles
 u - 6 throwing nets
Armour
 a - the +0 buckler "Kiasae" (worn) {Str+6}
   (You found it on level 8 of the Dungeon)

   Str:       It affects your strength (+6).
 r - a +1 helmet
 y - the cursed +0 pair of boots "Behold Eternity" (worn) {Elem, Evo}
   (You found it on level 4 of the Dungeon)

   It has a curse which improves the following skills: Elements: Fire Magic, Ice
   Magic, Air Magic and Earth Magic.
   Evocations: Evocations.
 H - the cursed +1 pair of gloves "Overhang to Understand" (worn) {Self, Elem}
   (You found it on level 8 of the Dungeon)

   It has a curse which improves the following skills: Introspection: Fighting
   and Spellcasting.
   Elements:  Fire Magic, Ice Magic, Air Magic and Earth Magic.
 I - the cursed +0 hat "Pangnostic Apathy" (worn) {Cun, Self}
   (You found it on level 5 of the Dungeon)

   It has a curse which improves the following skills: Cunning: Dodging and
   Stealth.
   Introspection: Fighting and Spellcasting.
 S - the cursed +0 cloak of Desmomancy (worn) {Elem, Evo}
   (You found it on level 1 of the Lair of Beasts)

   It has a curse which improves the following skills: Elements: Fire Magic, Ice
   Magic, Air Magic and Earth Magic.
   Evocations: Evocations.
 X - a +0 troll leather armour (worn)
Jewellery
 c - a ring of magical power
 D - a ring of fire
 L - the amulet of Ocwin (around neck) {Rampage Fragile Regen+ SInv}
   (You bought it in a shop on level 2 of the Orcish Mines)

   [amulet of regeneration]

   SInv:      It lets you see invisible.
   Regen:     It increases your rate of health regeneration.
   Fragile:   It will be destroyed if unequipped.
   Rampage:   It bestows one free step when moving towards enemies.
 P - the cursed ring of Cremastomancy (left hand) {Int+6, Cun, Elem}
   (You found it on level 9 of the Dungeon)

   [ring of intelligence]

   Int:       It affects your intelligence (+6).
   It has a curse which improves the following skills: Cunning: Dodging and
   Stealth.
   Elements:  Fire Magic, Ice Magic, Air Magic and Earth Magic.
 Q - a ring of protection from fire
 T - a +6 ring of dexterity
 W - the cursed ring "Gnosis of Ashenzari" (right hand) {MP+9, Melee, Elem}
   (You found it on level 2 of the Lair of Beasts)

   [ring of magical power]

   MP:        It affects your magic capacity (+9).
   It has a curse which improves the following skills: Melee Combat: Short
   Blades, Long Blades, Axes, Maces & Flails, Polearms, Staves and Unarmed
   Combat.
   Elements:  Fire Magic, Ice Magic, Air Magic and Earth Magic.
Wands
 C - a wand of paralysis (7)
 K - a wand of iceblast (14)
 M - a wand of acid (10)
 N - a wand of polymorph (4)
 O - a wand of mindburst (14)
 U - a wand of digging (11)
 Y - a wand of flame (21)
Scrolls
 d - 10 scrolls of teleportation
 e - a scroll of blinking
 f - a scroll of brand weapon
 j - 6 scrolls of enchant armour
 l - 5 scrolls of fog
 m - 4 scrolls of amnesia
 n - 4 scrolls of poison
 o - 4 scrolls of fear
 p - 4 scrolls of magic mapping
 q - 3 scrolls of enchant weapon
 z - 2 scrolls of vulnerability
 J - 5 scrolls of immolation
Potions
 b - 5 potions of magic
 g - 7 potions of lignification
 h - a potion of heal wounds
 i - 11 potions of curing
 k - 4 potions of invisibility
 s - 4 potions of cancellation
 w - 5 potions of might
 x - 6 potions of flight
 B - 3 potions of ambrosia
 E - 4 potions of haste
 F - 4 potions of resistance
 G - 6 potions of attraction
 R - 4 potions of brilliance
Miscellaneous
 v - a phantom mirror
 Z - a condenser vane (inert)


   Skills:
 + Level 10.5(13.4) Fighting
 + Level 10.5(12.4) Short Blades
 + Level 10.5(12.4) Long Blades
 + Level 10.5(12.4) Axes
 + Level 10.5(12.4) Maces & Flails
 + Level 10.5(12.4) Polearms
 + Level 10.5(12.4) Staves
 + Level 10.5 Slings
 + Level 10.5 Bows
 + Level 10.5 Crossbows
 + Level 10.5 Throwing
 + Level 10.5 Armour
 + Level 11.4(14.3) Dodging
 + Level 11.3(14.2) Stealth
 + Level 10.5 Shields
 + Level 10.5(12.4) Unarmed Combat
 + Level 11.6(14.5) Spellcasting
 + Level 8.8 Conjurations
 + Level 8.8 Hexes
 + Level 8.8 Summonings
 + Level 8.8 Necromancy
 + Level 8.8 Translocations
 + Level 8.8 Transmutations
 + Level 8.8(14.3) Fire Magic
 + Level 11.3(16.8) Ice Magic
 + Level 8.8(14.3) Air Magic
 + Level 8.8(14.3) Earth Magic
 + Level 8.8 Poison Magic
 + Level 11.4 Invocations
 + Level 10.5(13.4) Evocations


You had 15 spell levels left.
You knew the following spells:

 Your Spells              Type           Power      Damage    Failure   Level
a - Freeze                Ice            100%       1d11      0%          1
b - Frozen Ramparts       Ice            100%       1d12      0%          3
c - Ozocubu's Armour      Ice            82%        N/A       0%          3
d - Hailstorm             Conj/Ice       72%        3d15      1%          4
e - Blink                 Tloc           100%       N/A       1%          2
g - Silence               Hex/Air        34%        N/A       1%          5
h - Iskenderun's Mystic   Conj/Tloc      60%        2d13      1%          4
j - Statue Form           Tmut/Erth      45%        N/A       5%          6

Your spell library contained the following spells:

 Spells                   Type           Power      Damage    Failure   Level
 Ensorcelled Hibernation  Hex/Ice        100%       N/A       1%          2
 Passwall                 Tmut/Erth      56%        N/A       1%          2
 Static Discharge         Conj/Air       68%        N/A       1%          2
 Sublimation of Blood     Necr           60%        N/A       1%          2
 Wereblood                Tmut           60%        N/A       1%          2
 Dazzling Flash           Conj/Hex       100%       N/A       1%          3
 Gell's Gravitas          Tloc           60%        N/A       1%          3
 Lesser Beckoning         Tloc           60%        N/A       1%          3
 Spider Form              Tmut/Pois      60%        N/A       1%          3
 Swiftness                Air            76%        N/A       1%          3
 Teleport Other           Tloc           60%        N/A       1%          3
 Anguish                  Hex/Necr       30%        N/A       1%          4
 Dispel Undead            Necr           60%        3d21      1%          4
 Leda's Liquefaction      Hex/Erth       34%        N/A       1%          4
 Sticky Flame             Conj/Fire      68%        2d8       1%          4
 Fireball                 Conj/Fire      34%        3d14      1%          5
 Lee's Rapid Deconstruct  Erth           38%        3d20*     1%          5
 Lightning Bolt           Conj/Air       34%        1d51      1%          5
 Agony                    Necr           60%        N/A       3%          5
 Manifold Assault         Tloc           60%        N/A       3%          5
 Starburst                Conj/Fire      34%        6d10      5%          6
 Dispersal                Tloc           30%        N/A       17%         6
 Ignition                 Fire           38%        3d11      61%         8
 Maxwell's Capacitive Co  Air            38%        ∞         61%         8
 Malign Gateway           Summ/Tloc      30%        N/A       67%         7
 Summon Hydra             Summ           30%        N/A       67%         7
 Summon Horrible Things   Summ           30%        N/A       100%        8


Dungeon Overview and Level Annotations

Branches:
Dungeon (13/15)            Temple (1/1) D:4            Lair (6/6) D:8
  Swamp (2/4) Lair:4       Spider (0/4) Lair:4        Slime (0/5) Lair:5
    Orc (2/2) D:12            Elf (2/3) Orc:2        Bailey (visited)
 WizLab (1/1)
 Vaults: D:13-14

Altars:
Ashenzari
Cheibriados
Dithmenos
Elyvilon
Fedhas
Gozag
Hepliaklqana
Kikubaaqudgha
Makhleb
Nemelex Xobeh
Okawaru
Qazlal
Sif Muna
Trog
Vehumet
Wu Jian
Xom
Yredelemnul
Zin
The Shining One
Beogh

Shops:
D:11 ?   Orc:2 =*([

Portals:
Trove: D:13 (give +2 gold dragon scales)

Annotations:
Lair:4 exclusion: oklob plant WizLab exclusion: statue


Innate Abilities, Weirdness & Mutations

You have very sharp teeth.
Your uncanny sense of smell can sniff out nearby items.
Your experience applies equally to all skills.


Message History

Press: ? - help, Shift-Dir - straight line, f - purple draconian
Aim: a purple draconian, wielding a +2 dire flail of protection (poison gas, heavily wounded, very poisoned, 76% to hit)
The bolt of acid hits the purple draconian!!
The purple draconian is severely wounded.
You revert to your normal fleshy form.
The cursed +1 pair of gloves "Overhang to Understand" {Self, Elem} unmelds from your body.
The cursed +0 pair of boots "Behold Eternity" {Elem, Evo} unmelds from your body.
Your +0 troll leather armour unmelds from your body.
The purple draconian is engulfed in poison gas.
The purple draconian looks as sick as possible!
The purple draconian breathes dispelling energy at you.
The bolt of dispelling energy misses you.
The purple draconian is engulfed in poison gas.
The purple draconian looks as sick as possible!
The purple draconian closely misses you.
The purple draconian is engulfed in poison gas.
The purple draconian looks as sick as possible!
The purple draconian barely misses you.
The tengu conjurer is engulfed in poison gas.
The tengu conjurer looks as sick as possible!
You kill the tengu conjurer!
The battlesphere dissipates.
The tengu conjurer is engulfed in poison gas.
The tengu conjurer looks as sick as possible!
You kill the tengu conjurer!
Casting: Statue Form (dangerous; 5% risk of failure)
Confirm with . or Enter, or press ? or * to list all spells.
You erupt in a blast of force!
The mystic blast hits the purple draconian!
The purple draconian is almost dead.
The purple draconian is knocked back by the mystic blast.
The mystic blast hits the purple draconian.
The purple draconian is severely wounded.
The purple draconian is knocked back by the mystic blast.
The mystic blast hits the purple draconian!
The purple draconian is heavily wounded.
The purple draconian is knocked back by the mystic blast.
The purple draconian breathes dispelling energy at you.
The bolt of dispelling energy hits you!!
You die...

####### * *
################## ,*,*
#,##.#d#.#.#.#.#§.#### ,*
#.#.#.#.#§#§#.#∩##∩### ,, ,
.#§.....§§§§#.###§#§## ,,
..§.....§§§§..§.§##§## , ,
,.8.....d§§@§..§§.#§###
,,,,...§.....§§§§..§§.##.##
,,#...#....§§§§...§§..## ,
* ##. #.#....d.....§##.# ,
** . ..###.....d......##
,*, , ###,#.#..........#. ,
* ∆ *.#.#..........## ,* **
*##.###........#. * , ,
##,*.......... *


You could see 4 draconians.

Vanquished Creatures
  Rupert (Lair:5)
  A tentacled monstrosity (Swamp:1)
  Kirke (D:12)
  A fenstrider witch (Swamp:1)
  Aizul (Elf:2)
  Josephine (D:10)
  A statue (WizLab)
  Harold (D:10)
  3 hydras
  2 boulder beetles
  2 catoblepae (Lair:6)
  A merfolk avatar (Lair:6)
  2 dancing weapons
  3 centaur warriors
  A two-headed ogre (D:10)
  7 death yaks
  2 alligators (Swamp:2)
  2 orc high priests
  Urug (Orc:2)
  A goliath frog (Swamp:2)
  3 deep elf knights (Elf:1)
  Lodul (D:13)
  A spriggan druid (Swamp:1)
  A bog body (Swamp:1)
  6 deep elf archers (Elf:1)
  3 orc knights (Orc:2)
  13 deep elf pyromancers
  8 deep elf zephyrmancers
  2 harpies (Lair:6)
  A cyclops (Orc:1)
  3 manticores
  3 orc sorcerers (Orc:2)
  A will-o-the-wisp (Swamp:1)
  An elephant (Lair:6)
  4 black mambas
  13 cane toads
  An unseen horror (D:11)
  3 gargoyles
  A torpor snail (Lair:3)
  5 komodo dragons
  3 kobold demonologists
  3 rime drakes
  4 tengu conjurers (WizLab)
  6 polar bears (Lair:6)
  4 tyrant leeches
  3 trolls
  A bloated husk (Swamp:1)
  A hornet (Swamp:2)
  Grinder (D:5)
  5 blink frogs (Lair:6)
  2 snapping turtles (Lair:6)
  11 dream sheep
  Sigmund (D:3)
  68 yaks
  Eustachio (D:4)
  8 wyverns
  8 wraiths
  2 fire elementals (Elf:1)
  4 hogs (D:12)
  4 vampire mosquitoes
  4 basilisks
  A redback (Lair:4)
  3 steam dragons
  4 swamp worms
  4 wargs
  14 water moccasins
  An acid dragon (D:6)
  3 swamp drakes (Swamp:1)
  24 orc warriors
  4 ice beasts
  14 ogres
  2 black bears
  5 wolves (Bailey)
  4 centaurs
  4 kobold brigands
  11 gnoll sergeants
  5 scorpions
  11 bullfrogs
  13 wights
  14 killer bees
  9 electric eels
  3 howler monkeys (D:10)
  2 vampire bats (Lair:4)
  11 orc priests
  3 hounds
  13 jellies (Lair:5)
  8 gnoll shamans
  An iguana (D:6)
  17 orc wizards
  38 gnolls
  11 adders
  A shadow imp (D:6)
  2 white imps (D:8)
  An ufetubus (D:5)
  A worm (D:2)
  A dart slug (D:4)
  48 orcs
  9 endoplasms
  7 giant cockroaches
  12 goblins
  7 hobgoblins
  9 jackals (D:4)
  14 kobolds
  7 quokkas
  11 ball pythons
  11 bats
  3 frilled lizards
  4 rats
658 creatures vanquished.

Vanquished Creatures (collateral kills)
  An orc warlord (Orc:2)
  A warg (Orc:2)
2 creatures vanquished.

Vanquished Creatures (others)
  2 deep elf knights (Elf:1)
  2 bloated husks (Swamp:2)
  An orc warrior (Orc:2)
  6 foxfires (Swamp:1)
  34 fungi
  78 plants
123 creatures vanquished.

Grand Total: 783 creatures vanquished

Notes
Turn   | Place    | Note
-------+----------+-------------------------------------------
     0 | D:1      | Bruhh the Gnoll Ice Elementalist began the quest for the
                  | Orb.
     0 | D:1      | Reached XP level 1. HP: 13/13 MP: 6/6
   151 | D:1      | Found a faded altar of an unknown god.
   155 | D:1      | Reached XP level 2. HP: 19/19 MP: 5/7
   602 | D:1      | Reached XP level 3. HP: 25/25 MP: 7/9
   675 | D:1      | Reached skill level 5 in Spellcasting
   989 | D:2      | Reached skill level 1 in Invocations
  1016 | D:1      | Learned a level 3 spell: Frozen Ramparts
  1020 | D:1      | Learned a level 3 spell: Ozocubu's Armour
  1453 | D:2      | Reached skill level 1 in Fighting
  1453 | D:2      | Reached skill level 1 in Short Blades
  1453 | D:2      | Reached skill level 1 in Long Blades
  1453 | D:2      | Reached skill level 1 in Axes
  1453 | D:2      | Reached skill level 1 in Maces & Flails
  1453 | D:2      | Reached skill level 1 in Polearms
  1453 | D:2      | Reached skill level 1 in Staves
  1453 | D:2      | Reached skill level 1 in Slings
  1453 | D:2      | Reached skill level 1 in Bows
  1453 | D:2      | Reached skill level 1 in Crossbows
  1453 | D:2      | Reached skill level 1 in Throwing
  1453 | D:2      | Reached skill level 1 in Armour
  1453 | D:2      | Reached skill level 1 in Shields
  1453 | D:2      | Reached skill level 1 in Unarmed Combat
  1453 | D:2      | Reached skill level 1 in Evocations
  1645 | D:2      | You fall into a shaft and drop 1 floor!
  1683 | D:3      | Noticed Sigmund
  1690 | D:3      | Killed Sigmund
  1691 | D:3      | Reached skill level 1 in Conjurations
  1691 | D:3      | Reached skill level 1 in Hexes
  1691 | D:3      | Reached skill level 1 in Summonings
  1691 | D:3      | Reached skill level 1 in Necromancy
  1691 | D:3      | Reached skill level 1 in Translocations
  1691 | D:3      | Reached skill level 1 in Transmutations
  1691 | D:3      | Reached skill level 1 in Fire Magic
  1691 | D:3      | Reached skill level 1 in Air Magic
  1691 | D:3      | Reached skill level 1 in Earth Magic
  1691 | D:3      | Reached skill level 1 in Poison Magic
  1691 | D:3      | Reached XP level 4. HP: 33/33 MP: 0/11
  1691 | D:3      | Reached XP level 5. HP: 38/38 MP: 0/12
  2154 | D:3      | Reached XP level 6. HP: 33/44 MP: 8/13
  3292 | D:3      | Noticed a steam dragon
  3301 | D:3      | Killed a steam dragon
  3302 | D:3      | Reached skill level 5 in Dodging
  3865 | D:4      | Found a staircase to the Ecumenical Temple.
  3899 | Temple   | Entered the Ecumenical Temple
  4076 | Temple   | Became a worshipper of Ashenzari the Shackled
  4272 | D:4      | Reached XP level 7. HP: 50/50 MP: 11/15
  4321 | D:4      | Noticed Eustachio
  4376 | D:4      | Killed Eustachio
  4784 | D:4      | Reached skill level 5 in Stealth
  4903 | D:5      | Entered Level 5 of the Dungeon
  5245 | D:5      | Reached XP level 8. HP: 57/57 MP: 6/16
  5519 | D:5      | Noticed Grinder
  5715 | D:5      | Paralysed by Grinder for 5 turns
  5747 | D:5      | Killed Grinder
  6967 | D:6      | Reached XP level 9. HP: 65/65 MP: 16/18
  7286 | D:6      | Reached * piety under Ashenzari
  8172 | D:7      | Reached skill level 5 in Invocations
  8481 | D:7      | Reached ** piety under Ashenzari
  8623 | D:8      | Identified the +0 buckler "Kiasae" {Str+6}
  8679 | D:8      | Found a flagged portal.
  8698 | D:8      | Learned a level 4 spell: Hailstorm
  8699 | Bailey   | Entered a bailey
  8951 | Bailey   | Reached XP level 10. HP: 76/76 MP: 15/22
  9070 | Bailey   | Reached skill level 5 in Fighting
  9070 | Bailey   | Reached skill level 5 in Short Blades
  9070 | Bailey   | Reached skill level 5 in Long Blades
  9070 | Bailey   | Reached skill level 5 in Axes
  9070 | Bailey   | Reached skill level 5 in Maces & Flails
  9070 | Bailey   | Reached skill level 5 in Polearms
  9070 | Bailey   | Reached skill level 5 in Staves
  9070 | Bailey   | Reached skill level 5 in Slings
  9070 | Bailey   | Reached skill level 5 in Bows
  9070 | Bailey   | Reached skill level 5 in Crossbows
  9070 | Bailey   | Reached skill level 5 in Throwing
  9070 | Bailey   | Reached skill level 5 in Armour
  9070 | Bailey   | Reached skill level 5 in Shields
  9070 | Bailey   | Reached skill level 5 in Unarmed Combat
  9070 | Bailey   | Reached skill level 5 in Evocations
  9956 | D:8      | Found a staircase to the Lair.
 10343 | Lair:1   | Entered Level 1 of the Lair of Beasts
 10428 | Lair:1   | Found an opulent altar of Gozag.
 10492 | Lair:1   | Noticed a cane toad
 10534 | Lair:1   | Reached XP level 11. HP: 84/84 MP: 24/24
 10873 | Lair:1   | Reached skill level 5 in Conjurations
 10873 | Lair:1   | Reached skill level 5 in Hexes
 10873 | Lair:1   | Reached skill level 5 in Summonings
 10873 | Lair:1   | Reached skill level 5 in Necromancy
 10873 | Lair:1   | Reached skill level 5 in Translocations
 10873 | Lair:1   | Reached skill level 5 in Transmutations
 10873 | Lair:1   | Reached skill level 5 in Fire Magic
 10873 | Lair:1   | Reached skill level 5 in Air Magic
 10873 | Lair:1   | Reached skill level 5 in Earth Magic
 10873 | Lair:1   | Reached skill level 5 in Poison Magic
 12249 | Lair:3   | Noticed a boulder beetle
 12260 | Lair:3   | Killed a boulder beetle
 12396 | Lair:3   | Found a frozen archway.
 12762 | Lair:3   | Reached XP level 12. HP: 55/92 MP: 21/25
 13150 | Lair:3   | Found a runed translucent door.
 13301 | Lair:3   | Noticed a seven-headed hydra
 13311 | Lair:3   | Killed a seven-headed hydra
 13465 | Lair:4   | Identified the +10 short sword "Downeim" {venom, rF- Str+6
                  | Int+5}
 13580 | Lair:4   | Found a hole to the Spider Nest.
 13713 | Lair:4   | Found a staircase to the Swamp.
 14599 | Lair:5   | Noticed a death yak
 14599 | Lair:5   | Noticed a death yak
 14599 | Lair:5   | Noticed a death yak
 14599 | Lair:5   | Noticed a death yak
 14624 | Lair:4   | Killed a death yak
 14628 | Lair:4   | Killed a death yak
 14731 | Lair:5   | Killed a death yak
 14737 | Lair:5   | Killed a death yak
 14811 | Lair:5   | Found a staircase to the Slime Pits.
 14990 | Lair:5   | Reached XP level 13. HP: 90/101 MP: 27/27
 15085 | Lair:5   | Noticed Rupert
 15097 | Lair:5   | Killed Rupert
 15765 | Lair:6   | Entered Level 6 of the Lair of Beasts
 15886 | Lair:6   | Identified the +11 hand axe "Ufeije" {vorpal, Stlth+}
 15902 | Lair:6   | Reached skill level 10 in Ice Magic
 16313 | Lair:6   | Learned a level 2 spell: Blink
 16511 | Lair:6   | Reached skill level 10 in Spellcasting
 16830 | Lair:6   | Identified the +4 rapier of Salafiymp {flame, rC- Dex+3}
 16830 | Lair:6   | Identified the +9 hunting sling of the Swamp {venom, *Slow
                  | Will+ Int+4 Dex+3 Stlth+}
 17483 | D:9      | Reached skill level 10 in Dodging
 17484 | D:9      | Found a shimmering altar of Xom.
 17490 | D:9      | Reached XP level 14. HP: 110/110 MP: 29/29
 17814 | D:9      | Identified the +4 scale mail of Watyero {SInv}
 17822 | D:9      | Identified a scroll of acquirement
 18371 | D:10     | Entered Level 10 of the Dungeon
 18494 | D:10     | Learned a level 5 spell: Lightning Bolt
 18500 | D:10     | Learned a level 5 spell: Silence
 18649 | D:10     | Reached *** piety under Ashenzari
 18710 | D:10     | Reached skill level 10 in Stealth
 18841 | D:10     | Noticed Harold
 18872 | D:10     | Killed Harold
 19060 | D:10     | Noticed Josephine
 19072 | D:10     | Reached skill level 10 in Invocations
 19079 | D:10     | Killed Josephine
 19333 | D:10     | Reached **** piety under Ashenzari
 19982 | D:11     | Found Qikicw's Magic Scroll Boutique.
 20290 | D:12     | Noticed Kirke
 20322 | D:12     | Killed Kirke
 20322 | D:12     | Identified the cursed +0 cloak of Desmomancy {Elem, Evo}
                  | (You found it on level 1 of the Lair of Beasts)
 20322 | D:12     | Identified the cursed +0 hat "Pangnostic Apathy" {Cun,
                  | Self} (You found it on level 5 of the Dungeon)
 20322 | D:12     | Identified the cursed +0 pair of boots "Behold Eternity"
                  | {Elem, Evo} (You found it on level 4 of the Dungeon)
 20322 | D:12     | Identified the cursed ring of Cremastomancy {Int+6, Cun,
                  | Elem} (You found it on level 9 of the Dungeon)
 20322 | D:12     | Identified the cursed ring "Gnosis of Ashenzari" {MP+9,
                  | Melee, Elem} (You found it on level 2 of the Lair of
                  | Beasts)
 20560 | D:12     | Found a staircase to the Orcish Mines.
 20830 | D:13     | Identified the Almanac of Displacement
 20864 | D:13     | Noticed Lodul
 20876 | D:13     | Killed Lodul
 21153 | D:13     | Acquired 1187 gold pieces
 21245 | D:13     | Found a portal to a secret trove of treasure.
 21620 | Orc:1    | Entered Level 1 of the Orcish Mines
 21661 | Orc:1    | Learned a level 4 spell: Iskenderun's Mystic Blast
 21782 | Orc:2    | Entered Level 2 of the Orcish Mines
 22594 | Orc:2    | Noticed an orc warlord
 22611 | Orc:2    | Killed an orc warlord
 22612 | Orc:2    | Reached XP level 15. HP: 122/122 MP: 32/32
 22615 | Orc:2    | Paralysed by an orc sorcerer for 2 turns
 22713 | Orc:2    | Noticed Urug
 22753 | Orc:2    | Killed Urug
 22887 | Orc:2    | Found Esaug's Antique Armour Shop.
 22903 | Orc:2    | Found Enonubin's General Store.
 22927 | Orc:2    | Bought a +1 helmet for 161 gold pieces
 22927 | Orc:2    | Bought a wand of paralysis (3) for 70 gold pieces
 22927 | Orc:2    | Bought a scroll of blinking for 105 gold pieces
 22927 | Orc:2    | Bought a potion of might for 56 gold pieces
 22951 | Orc:2    | Found Avvear Tuolu's Jewellery Shop.
 22957 | Orc:2    | Bought the amulet of Ocwin {Rampage Fragile Regen+ SInv}
                  | for 605 gold pieces
 23065 | Orc:2    | Found a staircase to the Elven Halls.
 23254 | Orc:2    | Found Neonow's Antique Weapon Shop.
 23642 | Swamp:1  | Entered Level 1 of the Swamp
 23881 | Swamp:1  | Noticed a fenstrider witch
 23896 | Swamp:1  | Killed a fenstrider witch
 23917 | Swamp:1  | Learned a level 6 spell: Starburst
 24070 | Swamp:1  | Learned a level 6 spell: Statue Form
 24120 | Swamp:1  | Identified the cursed +1 pair of gloves "Overhang to
                  | Understand" {Self, Elem} (You found it on level 8 of the
                  | Dungeon)
 24129 | Swamp:1  | Found the +8 Wrath of Trog {antimagic, *Rage Rampage}
 24419 | Swamp:1  | Noticed a tentacled monstrosity
 24453 | Swamp:1  | Killed a tentacled monstrosity
 24454 | Swamp:1  | Reached skill level 10 in Fighting
 24454 | Swamp:1  | Reached skill level 10 in Short Blades
 24454 | Swamp:1  | Reached skill level 10 in Long Blades
 24454 | Swamp:1  | Reached skill level 10 in Axes
 24454 | Swamp:1  | Reached skill level 10 in Maces & Flails
 24454 | Swamp:1  | Reached skill level 10 in Polearms
 24454 | Swamp:1  | Reached skill level 10 in Staves
 24454 | Swamp:1  | Reached skill level 10 in Slings
 24454 | Swamp:1  | Reached skill level 10 in Bows
 24454 | Swamp:1  | Reached skill level 10 in Crossbows
 24454 | Swamp:1  | Reached skill level 10 in Throwing
 24454 | Swamp:1  | Reached skill level 10 in Armour
 24454 | Swamp:1  | Reached skill level 10 in Shields
 24454 | Swamp:1  | Reached skill level 10 in Unarmed Combat
 24454 | Swamp:1  | Reached skill level 10 in Evocations
 24747 | Swamp:2  | Noticed a fenstrider witch
 25079 | Elf:1    | Entered Level 1 of the Elven Halls
 26105 | Elf:2    | Noticed Aizul
 26128 | Elf:2    | Killed Aizul
 26381 | Elf:2    | Found a magical portal.
 26393 | WizLab   | Entered Iskenderun's Mystic Tower
 26472 | WizLab   | Killed from afar by a purple draconian

Illustrated notes

Levels and vault maps discovered:
D:1:      nagdon_arrival_zigzag_paths, layout_basic,
          nicolae_ecumenical_snake_handling, hangedman_decor_clover_reticule,
          minmay_misc_feat_x
D:2:      layout_basic
D:3:      layout_loops_corners, minmay_misc_feat_rugged, lemuel_old_faithful,
          uniq_sigmund
D:4:      layout_rooms, minmay_temple_entry_large_hall, serial_glass,
          glass_columns_a, glass_columns_b, uniq_eustachio
D:5:      layout_cave_pools, uniq_grinder
D:6:      layout_gridville
D:7:      layout_loops_corners, minmay_misc_feat_secret_circle
D:8:      layout_gridville, minmay_lair_entry_grove, enter_bailey_5
D:9:      layout_loops_corners, lemuel_tele_altar, kennysheep_generic_room_11
D:10:     layout_layer_cave, st_stairs_3, chequers_serial_rivers_micro_c,
          kennysheep_small_circle, uniq_harold, uniq_josephine
D:11:     layout_big_octagon, serial_shops, shop, hangedman_decor_growths,
          minmay_misc_feat_plants
D:12:     layout_rooms, orc_0_dummy, uniq_kirke
D:13:     layout_loops_ring, nicolae_trove_entry_isolated, uniq_lodul
Temple:   mainiacjoe_temple_hex_bubbles
Lair:1:   layout_loops_ring, basic_altar, serial_bayou, serial_bayou_shore_a,
          serial_bayou_pond_a, serial_bayou_pond_e, serial_bayou_ford_a,
          serial_bayou_lagoon_b, serial_bayou_lake_a, serial_bayou_pond_c,
          lemuel_fruit_fields, lemuel_fruit_tree
Lair:2:   layout_loops_ring, wad_woods_river_03
Lair:3:   layout_concentric_octagons, portal_ice_cave_rime, pf_torpor_hydra,
          grunt_megastairs_4
Lair:4:   minmay_lair_oklob_tunnel, layout_loops_ring, minmay_swamp_entry_eels,
          spider_nest_entry_a, roderic_batcave, infiniplex_staircase_pool,
          uniq_nergalle
Lair:5:   layout_cave_pods, minmay_slime_entry_jelly_boxes, uniq_rupert
Lair:6:   gammafunk_lair_ancient_temple, layout_regular_city,
          serial_bayou_shore_b
Swamp:1:  cheibrodos_swamp_monstrosity, layout_basic_swamp,
          evilmike_swamp_ruin_rubble_1, swamp_pool5
Swamp:2:  layout_falls_marsh, nicolae_swamp_round_clearing, swamp_pool2
Orc:1:    layout_caves, nicolae_orc_rockfall
Orc:2:    grunt_orc_cross, layout_diamond_mine, basic_altar
Elf:1:    eino_elf_arrival_sip, layout_gridlike, minmay_elf_crystal_hexagon
Elf:2:    elven_hall_of_blades_hangedman_original
          [nicolae_blade_entry_floor_patterns], layout_gridlike,
          mu_enter_wizlab_6, uniq_aizul, uniq_agnes
WizLab:   wizlab_iskenderun

Skill      XL: |  1  2  3  4  5  6  7  8  9 10 11 12 13 14 15 |
---------------+----------------------------------------------+-----
Spellcasting   | 5 6 7 8 9 10 11 | 11.6
Invocations    | 1 2 3 4 5 6 7 8 9 10 11 | 11.4
Fighting       | 1 2 3 4 5 6 7 8 9 10 | 10.5
Short Blades   | 1 2 3 4 5 6 7 8 9 10 | 10.5
Long Blades    | 1 2 3 4 5 6 7 8 9 10 | 10.5
Axes           | 1 2 3 4 5 6 7 8 9 10 | 10.5
Maces & Flails | 1 2 3 4 5 6 7 8 9 10 | 10.5
Polearms       | 1 2 3 4 5 6 7 8 9 10 | 10.5
Staves         | 1 2 3 4 5 6 7 8 9 10 | 10.5
Slings         | 1 2 3 4 5 6 7 8 9 10 | 10.5
Bows           | 1 2 3 4 5 6 7 8 9 10 | 10.5
Crossbows      | 1 2 3 4 5 6 7 8 9 10 | 10.5
Throwing       | 1 2 3 4 5 6 7 8 9 10 | 10.5
Armour         | 1 2 3 4 5 6 7 8 9 10 | 10.5
Shields        | 1 2 3 4 5 6 7 8 9 10 | 10.5
Unarmed Combat | 1 2 3 4 5 6 7 8 9 10 | 10.5
Evocations     | 1 2 3 4 5 6 7 8 9 10 | 10.5
Conjurations   | 1 2 3 4 5 6 7 8 |  8.8
Hexes          | 1 2 3 4 5 6 7 8 |  8.8
Summonings     | 1 2 3 4 5 6 7 8 |  8.8
Necromancy     | 1 2 3 4 5 6 7 8 |  8.8
Translocations | 1 2 3 4 5 6 7 8 |  8.8
Transmutations | 1 2 3 4 5 6 7 8 |  8.8
Fire Magic     | 1 2 3 4 5 6 7 8 |  8.8
Air Magic      | 1 2 3 4 5 6 7 8 |  8.8
Earth Magic    | 1 2 3 4 5 6 7 8 |  8.8
Poison Magic   | 1 2 3 4 5 6 7 8 |  8.8
Dodging        | 5 6 7 8 9 10 11 | 11.4
Stealth        | 5 6 7 8 9 10 11 | 11.3
Ice Magic      | 8 9 10 11 | 11.3

Action                   |  1- 3 |  4- 6 |  7- 9 | 10-12 | 13-15 || total
-------------------------+-------+-------+-------+-------+-------++-------
Melee: Unarmed           |    18 |     9 |       |       |    21 ||    48
       Bite              |     1 |     3 |    36 |    53 |   150 ||   243
       Dagger            |       |    16 |    10 |       |       ||    26
       Rapier            |       |       |    44 |       |       ||    44
       Falchion          |       |       |   110 |       |       ||   110
       Punch             |       |       |     6 |       |       ||     6
       Long sword        |       |       |    35 |   359 |   440 ||   834
       Great sword       |       |       |     7 |       |       ||     7
       Hand axe          |       |       |       |       |    81 ||    81
       War axe           |       |       |       |       |   433 ||   433
 Cast: Freeze            |    50 |    60 |    74 |   145 |   108 ||   437
       Frozen Ramparts   |     1 |     4 |    30 |    23 |    28 ||    86
       Ozocubu's Armour  |     1 |     3 |    25 |    17 |    27 ||    73
       Hailstorm         |       |       |     6 |     3 |     6 ||    15
       Iskenderun's Myst |       |       |       |       |    54 ||    54
       Lightning Bolt    |       |       |       |       |    18 ||    18
       Silence           |       |       |       |       |    15 ||    15
       Blink             |       |       |       |       |     3 ||     3
       Statue Form       |       |       |       |       |    14 ||    14
       Starburst         |       |       |       |       |     5 ||     5
Invok: Curse Item        |       |       |     3 |     1 |     4 ||     8
       Shatter the Chain |       |       |       |     1 |     1 ||     2
Evoke: Wand              |       |       |       |     5 |    17 ||    22
       Condenser vane    |       |       |       |     1 |     1 ||     2
       Phantom mirror    |       |       |       |       |     1 ||     1
  Use: Potion            |       |       |       |     2 |    10 ||    12
       Scroll            |       |       |       |     2 |     6 ||     8
 Stab: Sleeping          |     1 |       |     1 |     5 |    18 ||    25
       Distracted        |       |       |     1 |       |     2 ||     3
       Petrified         |       |       |       |       |     4 ||     4
Armor: Robe              |    14 |     8 |       |       |       ||    22
       Steam dragon scal |       |    11 |    59 |       |       ||    70
       Acid dragon scale |       |       |    72 |   137 |   192 ||   401
       Troll leather arm |       |       |       |       |    90 ||    90
       Skin              |       |       |       |       |   161 ||   161
Dodge: Dodged            |    32 |    56 |   231 |   325 |   994 ||  1638
Block: Buckler           |       |       |     7 |   117 |   411 ||   535

Table legend: (Time is in decaauts)
 A = Elapsed time spent in this place.
 B = Non-inter-level travel time spent in this place.
 C = Inter-level travel time spent in this place.
 D = Time resting spent in this place.
 E = Time spent auto-exploring this place.
 F = Levels seen in this place.
 G = Mean time per level.
                   A        B        C        D        E       F      G
               +--------+--------+--------+--------+--------+-----+--------+
         Total |  27017 |  25588 |   1429 |   1467 |  18352 |  28 |  964.9 |
       Dungeon |  13820 |  13050 |    770 |    615 |   9923 |  13 | 1063.1 |
        Temple |    207 |    178 |     29 |      0 |    171 |   1 |  207.0 |
          Lair |   7424 |   6986 |    438 |     14 |   5240 |   6 | 1237.3 |
         Swamp |   1336 |   1275 |     61 |     52 |    859 |   2 |  668.0 |
  Orcish Mines |   1997 |   1880 |    117 |    569 |    919 |   2 |  998.5 |
   Elven Halls |   1345 |   1333 |     12 |    216 |    586 |   2 |  672.5 |
        Bailey |    791 |    791 |      0 |      0 |    621 |   1 |  791.0 |
        Wizlab |     95 |     95 |      0 |      0 |     31 |   1 |   95.0 |
               +--------+--------+--------+--------+--------+-----+--------+

Top non-repeatable levels by time:
     D:3: 1515 daAuts
  Lair:6: 1515 daAuts
    D:10: 1440 daAuts
  Lair:4: 1427 daAuts
     D:1: 1383 daAuts
     D:6: 1286 daAuts
   Orc:2: 1284 daAuts
     D:7: 1279 daAuts
 Swamp:1: 1264 daAuts
  Lair:1: 1257 daAuts
   Elf:1: 1250 daAuts
  Lair:3: 1233 daAuts
  Lair:5: 1086 daAuts
     D:9: 1055 daAuts
     D:4: 1023 daAuts
